[Event "Titled Tuesday Blitz February 07 Late 2023"]
[White "Necula, Iulian"]
[Black "Castillo Pena, Patricia Evarista"]
[WhiteFideId "1232380"]
[BlackFideId "6412106"]
[WhiteElo "1851"]
[BlackElo "1783"]
[Result "0-1"]
[Round "11"]
[TimeControl "180+2"]
[Date "2023.02.07"]
[WhiteClock "0:00:48"]
[BlackClock "0:00:44"]

1. d4 d5 2. Nc3 Nf6 3. Bf4 Bf5 4. e3 e6 5. f3 c5 6. g4 Bg6 7. h4 h5 8. g5 Nfd7 9. Bd3 Bxd3 10. Qxd3 cxd4 11. exd4 g6 12. Nge2 Bg7 13. O-O-O Nc6 14. Nb5 O-O 15. Bd6 a6 16. Nc7 Rc8 17. Bxf8 Qxf8 18. Nxe6 fxe6 19. Qe3 Qf7 20. Nf4 Nb4 21. c3 e5 22. dxe5 Nxe5 23. Rhe1 Qxf4 24. Qxf4 Nbd3+ 25. Kb1 Nxf4 26. Rd4 Rf8 27. b3 Nxf3 28. Rxf4 Rxf4 29. Re8+ Kf7 30. Rb8 Bxc3 31. Rxb7+ Ke6 32. Kc2 d4 33. Rb6+ Kf5 34. Rf6+ Kg4 35. Rxg6 Ne1+ 36. Kd1 Rf2 37. Rxa6 d3 38. Rd6 Rxa2 39. g6 Ra1# 0-1


[Site "https://www.chess.com"]